 Dungeon Crawl Stone Soup version 0.28.0-62-gf88900778d (webtiles) character file.

Game seed: 2453862057298264768

189 cbfl8 the Chopper (level 5, -4/47 HPs)
             Began as a Minotaur Berserker on June 27, 2023.
             Was a Believer of Trog.
             Killed by divine providence
             ... invoked by an orc priest
              (12 damage)
             ... on level 4 of the Dungeon.
             The game lasted 00:02:06 (2849 turns).

cbfl8 the Chopper (Minotaur Berserker)              Turns: 2849, Time: 00:02:07

Health: -4/47      AC: 10    Str: 22    XL:     5   Next: 40%
Magic:  4/4        EV:  4    Int:  4    God:    Trog [**....]
Gold:   87         SH:  9    Dex: 11    Spells: 4/4 levels left

rFire   . . .      SeeInvis .   k - +0 war axe (chaos)
rCold   . . .      Faith    .   a - +0 tower shield
rNeg    . . .      Spirit   .   e - +0 chain mail
rPois   .          Reflect  .   (helmet restricted)
rElec   .          Harm     .   (no cloak)
rCorr   .          Rampage  .   j - +0 pair of gloves
Will    .....                   (no boots)
Stlth   ..........              (no amulet)
HPRegen 0.15/turn               (no ring)
MPRegen 0.09/turn               (no ring)

@: no status effects
A: horns 2, retaliatory headbutt
a: Renounce Religion, Berserk, Trog's Hand


You were on level 4 of the Dungeon.
You worshipped Trog.
Trog was pleased with you.
You visited 1 branch of the dungeon, and saw 4 of its levels.

You collected 87 gold pieces.

Inventory:

Hand Weapons
 k - a +0 war axe of chaos (weapon)
Armour
 a - a +0 tower shield (worn)
 e - a +0 chain mail (worn)
 j - a +0 pair of gloves (worn)
Wands
 d - a wand of flame (5)
Potions
 b - a potion of haste
 f - a potion of curing
 g - a potion of resistance {unknown}
 i - a potion of ambrosia {unknown}


   Skills:
 + Level 4.8 Fighting
 + Level 4.9 Axes
 + Level 3.0 Armour
 + Level 3.0 Dodging
 * Level 2.3 Evocations


You had 4 spell levels left.
You didn't know any spells.
Your spell library was empty.

Dungeon Overview and Level Annotations

Branches:
Dungeon (4/15)
 Temple: D:4-7

Altars:


Innate Abilities, Weirdness & Mutations

You have a pair of horns on your head.
You reflexively headbutt those who attack you in melee.


Message History

You headbutt the orc priest, but do no damage.
The orc priest is lightly wounded.
You hit the orc. You drain the orc.
You kill the orc!
Trog accepts your kill.
The giant cockroach waves its antennae.
The orc priest looks braver for a moment.
The orc priest calls down the wrath of Beogh upon you.
Pain shoots through your body!
Your Armour skill increases to level 3!
You hit the orc priest.
The orc priest flickers and vanishes!
Deactivating autopickup; reactivate with Ctrl-A.
Your headbutt misses something. Something hits you. x2
Unknown command.
You slash the orc!
You kill the orc!
Trog accepts your kill.
You miss something.
The orc priest casts a cantrip, but nothing happens.
You hear some strange, mumbled prayers to Beogh.
Something hits you but does no damage.
You closely miss the giant cockroach. You miss something.
The giant cockroach barely misses you.
The giant cockroach bites you but does no damage.
Something hits you. You block the giant cockroach's attack.
Unknown command.
You slash the giant cockroach!
You kill the giant cockroach!
Trog accepts your kill.
You hit something. Something hits you.
The orc priest mumbles some strange prayers to Beogh against you.
Beogh smites you!
* * * LOW HITPOINT WARNING * * *
Something hits you but does no damage. You block the iguana's attack.
You are too injured to fight recklessly!
Unknown command.
You are too injured to fight recklessly!
You hear something call down the wrath of Beogh upon you.
Beogh smites you!
You die...

### ##
.... #.
.....#.
...#. ...
#l#+###..#
#{@......#
####.##..#
#


You could see an iguana.

Vanquished Creatures
  Jessica (D:2)
  Terence (D:2)
  4 gnolls (D:3)
  2 adders
  2 dart slugs (D:1)
  5 orcs
  5 bats
  5 endoplasms
  2 giant cockroaches
  9 goblins
  2 hobgoblins
  7 quokkas
  10 ball pythons
  4 frilled lizards
  6 kobolds
  7 rats
72 creatures vanquished.

Vanquished Creatures (others)
  6 fungi (D:2)
  12 plants (D:2)
18 creatures vanquished.

Grand Total: 90 creatures vanquished

Notes
Turn   | Place    | Note
-------+----------+-------------------------------------------
     0 | D:1      | cbfl8 the Minotaur Berserker began the quest for the Orb.
     0 | D:1      | Reached XP level 1. HP: 19/19 MP: 0/0
   131 | D:1      | You fall into a shaft and drop 1 floor!
   134 | D:2      | Noticed Terence
   138 | D:2      | Reached XP level 2. HP: 19/27 MP: 1/1
   145 | D:2      | HP: 2/40 [Terence/puff of flame (6)]
   146 | D:2      | Killed Terence
   147 | D:2      | Reached skill level 1 in Evocations
   147 | D:2      | Reached XP level 3. HP: 3/33 MP: 2/2
   659 | D:1      | Reached ** piety under Trog
  1188 | D:2      | Reached XP level 4. HP: 41/41 MP: 3/3
  1274 | D:2      | Noticed Jessica
  1276 | D:2      | Killed Jessica
  1653 | D:2      | Found a faded altar of an unknown god.
  1912 | D:3      | Reached XP level 5. HP: 11/47 MP: 4/4
  2849 | D:4      | Killed from afar by an orc priest

Illustrated notes

Levels and vault maps discovered:
D:1:      dpeg_arrival_rooms_a, layout_loops_ring, minmay_vboxes
D:2:      layout_basic, dreamdust_ecumenical_altar_grove, serial_bayou_pond_c,
          uniq_terence, uniq_jessica
D:3:      layout_loops_ring
D:4:      layout_loops_cross, kennysheep_mini, minmay_temple_entry_mist,
          serial_shops, nicolae_shop_hallway_plus, nicolae_inconvenience_store,
          kennysheep_little_box, shop_scrolls, kennysheep_path_1, dk_vineyard_2

Skill      XL: |  1  2  3  4  5 |
---------------+----------------+-----
Fighting       | 4 |  4.8
Axes           | 4 |  4.9
Evocations     | 1 2 |  2.3
Dodging        | 3 |  3.0
Armour         | 3 |  3.0

Action                   |  1- 3 |  4- 6 || total
-------------------------+-------+-------++-------
Melee: Hand axe          |    56 |       ||    56
       Headbutt          |     6 |     3 ||     9
       War axe           |     6 |    93 ||    99
       Punch             |     2 |       ||     2
Invok: Berserk           |     1 |     1 ||     2
  Use: Scroll            |     2 |     3 ||     5
Armor: Animal skin       |     3 |       ||     3
       Chain mail        |    23 |    71 ||    94
Dodge: Dodged            |    27 |    19 ||    46
Block: Tower shield      |       |    60 ||    60
